 Dungeon Crawl Stone Soup version 0.18-a0-1468-gaf180a1 (console) character file.

53104 Liam the Eclecticist (level 14, -3/82 HPs)
             Began as a Deep Elf Conjurer on Mar 1, 2016.
             Was the Champion of Vehumet.
             Slain by a black mamba (11 damage)
             ... on level 6 of the Lair of Beasts.
             The game lasted 01:06:59 (22981 turns).

Liam the Eclecticist (Deep Elf Conjurer)           Turns: 22981, Time: 01:06:59

Health: -3/82      AC:  7    Str:  5    XL:     14   Next: 29%
Magic:  22/36      EV: 13    Int: 26    God:    Vehumet [******]
Gold:   1603       SH:  0    Dex: 15    Spells: 5 memorised, 25 levels left

rFire  + + .     SeeInvis .     Z - +1 dagger
rCold  . . .     Gourm    .     j - +1 robe {Archmagi}
rNeg   . . .     Faith    .     (no shield)
rPois  +         Spirit   .     q - +0 helmet
rElec  .         Dismiss  .     D - +0 cloak
rCorr  .         Reflect  .     (no gloves)
SustAt .         Harm     .     u - +1 pair of boots
MR     +....                    e - amulet of regeneration
Stlth  ++........               C - ring of protection from fire
                                W - ring of poison resistance

@: lethally poisoned (-3 -> -5), very slightly contaminated, invisible, somewhat
resistant to hostile enchantments, unstealthy
A: fire resistance 1
a: Renounce Religion


You were on level 6 of the Lair of Beasts.
You worshipped Vehumet.
Vehumet was exalted by your worship.
You were hungry.

You visited 3 branches of the dungeon, and saw 21 of its levels.

You collected 1603 gold pieces.

Inventory:

Hand Weapons
 Z - a +1 dagger (weapon)
Armour
 j - a +1 robe of the Archmagi (worn)
 q - a +0 helmet (worn)
 u - a +1 pair of boots (worn)
 D - a +0 cloak (worn)
Jewellery
 e - an amulet of regeneration (around neck)
 o - an uncursed ring of protection from magic {unknown}
 w - an uncursed ring of ice
 C - a ring of protection from fire (right hand)
 E - a +4 ring of dexterity
 K - an uncursed ring of flight
 M - a +5 ring of dexterity
 N - an uncursed ring of resist corrosion
 W - a ring of poison resistance (left hand)
Wands
 l - a wand of random effects (25/48)
 B - a wand of heal wounds (3/9)
 J - a wand of paralysis (14/24)
 P - a wand of polymorph (10/24)
 Q - a wand of acid (6/15)
Scrolls
 a - 3 scrolls of identify
 g - 2 scrolls of teleportation
 h - 2 scrolls of silence {unknown}
 i - a scroll of remove curse
 n - a scroll of summoning
 p - a scroll of fear
 v - 2 scrolls of magic mapping {unknown}
 y - 2 scrolls of blinking
 H - a scroll of noise
Potions
 f - 4 potions of might {unknown}
 m - 2 potions of cure mutation {unknown}
 r - a potion of haste
 s - a potion of heal wounds
 t - a potion of resistance
 x - a potion of beneficial mutation {unknown}
 A - 2 potions of agility
 F - 2 potions of curing {unknown}
Books
 d - a book of Dreams

   Spells                             Type                      Level
   a - Ensorcelled Hibernation        Hexes/Ice                    2
   b - Silence                        Hexes/Air                    5
   c - Darkness                       Hexes                        6
   d - Mass Confusion                 Hexes                        6
   e - Shadow Creatures               Summoning                    6
 G - a book of the Dragon

   Spells                             Type                      Level
   a - Flame Tongue                   Conjuration/Fire             1
   b - Cause Fear                     Hexes                        4
   c - Bolt of Fire                   Conjuration/Fire             6
   d - Dragon Form                    Transmutation                7
   e - Dragon's Call                  Summoning                    9
Comestibles
 b - 2 meat rations
 c - 15 bread rations
 k - 2 slices of pizza
 z - 2 royal jellies
 I - a beef jerky
 L - 14 fruits


   Skills:
 + Level 7.0 Fighting
 - Level 2.4 Dodging
 - Level 2.4 Stealth
 + Level 16.8 Spellcasting
 + Level 15.0 Conjurations
 + Level 11.1 Hexes
 - Level 7.0 Charms
 + Level 11.2 Fire Magic


You had 25 spell levels left.
You knew the following spells:

 Your Spells              Type           Power        Failure   Level  Hunger
a - Magic Dart            Conj           ####         0%          1    None
b - Invisibility          Hex            #######.     4%          6    ###....
f - Fireball              Conj/Fire      #######...   1%          5    None
p - Iskenderun's Battles  Conj/Chrm      #######.     1%          5    None
x - Iskenderun's Mystic   Conj           #######.     1%          4    None


Dungeon Overview and Level Annotations

Branches:
Dungeon (14/15)            Temple (1/1) D:5            Lair (6/8) D:8
 Shoals (0/4) Lair:3        Snake (0/4) Lair:6          Orc (0/2) D:12
 Vaults (0/5) D:13
  Slime: Lair:6-8

Altars:
Ashenzari
Cheibriados
Dithmenos
Elyvilon
Fedhas
Gozag
Kikubaaqudgha
Makhleb
Nemelex Xobeh
Okawaru
Pakellas
Qazlal
Ru
Sif Muna
Trog
Vehumet
Xom
Yredelemnul
Zin
The Shining One


Innate Abilities, Weirdness & Mutations

Your flesh is heat resistant.


Message History

You feel a surge of power!
You fade into invisibility!
You are very lightly contaminated with residual magic.
The black mamba misses you. The black mamba bites you.
The black mamba barely misses you. x2; The black mamba misses you.
The black mamba bites you!!
You are poisoned.
The black mamba poisons you! The black mamba closely misses you.
You feel sick. The black mamba closely misses you. The black mamba bites you!
You feel sick. The black mamba bites you!
* * * LOW HITPOINT WARNING * * *
You feel sick. The black mamba bites you!
* * * LOW HITPOINT WARNING * * *
Drink which item? (? for menu, Esc to quit)
You feel much better.
You feel sick. The black mamba bites you.
* * * LOW HITPOINT WARNING * * *
The black mamba bites you!
* * * LOW HITPOINT WARNING * * *
The black mamba bites you!
You die...

>. ### ...### ###P#
S....P### #...####
#P....###P...#P#
#.........*..#
##......S....##
##.)........(#
######.SS...##
#..S@...P#
###.....##
######...PPP.#
#...#.#......###
#.....P...P...P#
##.......#....##
#..P..........#
#####
#....#.......##
#.#.###...###....<.#


You could see 3 black mambas, a ball python (wandering) and a friendly
battlesphere.

Vanquished Creatures
  2 vault guards (D:13)
  Fannar (D:12)
  A rakshasa (D:14)
  6 hydras
  A catoblepas (Lair:3)
  A centaur warrior (D:14)
  A tengu warrior (D:10)
  The ghost of Amnesiac the Martial Artist, a novice OpTm of Okawaru (D:10)
  Sonja (D:10)
  Nergalle (Lair:1)
  4 wizards (D:13)
  4 unseen horrors (D:10)
  An ugly thing (D:12)
  A deep elf mage (D:14)
  3 hill giants
  An orc sorcerer (D:11)
  A manticore (D:13)
  3 elephants (Lair:5)
  3 cyclopes
  A black mamba (shapeshifter) (D:14)
  3 black mambas
  The ghost of Liam the Thaumaturge, a novice DECj (D:6)
  3 gargoyles
  7 spiny frogs
  A komodo dragon (Lair:3)
  An efreet (D:12)
  A rime drake (Lair:4)
  A polar bear (Lair:1)
  Prince Ribbit (D:6)
  A queen bee (D:9)
  3 trolls
  4 blink frogs (Lair:3)
  A snapping turtle (Lair:3)
  3 slime creatures (D:12)
  2 two-headed ogres
  2 shadows
  Eustachio (D:6)
  56 yaks
  A wyvern (Lair:4)
  A vampire (D:12)
  3 basilisks
  18 humans (D:13)
  8 hippogriffs
  A hungry ghost (D:9)
  14 wargs (D:11)
  A mottled dragon (D:14)
  A soldier ant (D:11)
  Duvessa (D:7)
  7 porcupines
  10 water moccasins
  A sky beast (D:13)
  2 ice beasts
  10 orc warriors
  A black bear (D:6)
  2 phantoms
  2 wasps
  3 ogres
  A centaur (D:7)
  9 crocodiles
  12 giant frogs
  2 big kobolds
  A gnoll sergeant (D:10)
  A water moccasin zombie (D:11)
  3 scorpions
  Dowan (D:7)
  23 killer bees
  8 wights
  11 howler monkeys
  An electric eel (Lair:1)
  2 giant frog zombies
  4 crimson imps
  5 hounds
  2 centaur skeletons
  2 centaur zombies
  3 jellies
  10 orc priests
  2 giant frog skeletons (D:11)
  A gnoll shaman (D:6)
  11 iguanas
  Jessica (D:3)
  15 orc wizards
  6 worker ants
  16 sheep
  3 hound zombies
  A worker ant zombie (D:5)
  11 gnolls
  30 river rats
  9 adders
  2 shadow imps
  3 oozes
  An adder zombie (D:11)
  2 adder skeletons
  4 dart slugs
  7 giant geckos
  73 orcs
  5 giant cockroaches
  7 goblins
  8 hobgoblins
  12 jackals
  15 kobolds
  6 quokkas
  A ball python (D:5)
  7 bats
  4 giant newts
  A quokka skeleton (D:7)
  5 rats
587 creatures vanquished.

Vanquished Creatures (others)
  3 fungi
3 creatures vanquished.

Grand Total: 590 creatures vanquished

Notes
Turn   | Place    | Note
--------------------------------------------------------------
     0 | D:1      | Liam the Deep Elf Conjurer began the quest for the Orb.
     0 | D:1      | Reached XP level 1. HP: 10/10 MP: 6/6
   258 | D:1      | Reached XP level 2. HP: 15/15 MP: 6/8
   463 | D:1      | Reached skill level 4 in Spellcasting
   463 | D:1      | Reached skill level 5 in Conjurations
   539 | D:1      | Reached XP level 3. HP: 19/19 MP: 8/10
   892 | D:2      | Found an oddly glowing altar of Pakellas.
   892 | D:2      | Found an opulent altar of Gozag.
   892 | D:2      | Found a bloodstained altar of Trog.
   893 | D:2      | Found a stormy altar of Qazlal.
  1203 | D:2      | Reached XP level 4. HP: 24/24 MP: 7/12
  1342 | D:2      | Reached skill level 5 in Spellcasting
  1552 | D:2      | Found a glowing golden altar of the Shining One.
  1779 | D:3      | Found a sacrificial altar of Ru.
  2067 | D:3      | Learned a level 4 spell: Iskenderun's Mystic Blast
  2137 | D:3      | Noticed Jessica
  2140 | D:3      | Killed Jessica
  2140 | D:3      | Reached XP level 5. HP: 28/28 MP: 10/14
  2286 | D:3      | Found a radiant altar of Vehumet.
  2972 | D:4      | Reached skill level 6 in Spellcasting
  3454 | D:5      | Entered Level 5 of the Dungeon
  3458 | D:5      | Reached XP level 6. HP: 32/32 MP: 12/17
  4038 | D:5      | Reached skill level 7 in Spellcasting
  4335 | D:5      | Found a staircase to the Ecumenical Temple.
  4348 | Temple   | Entered the Ecumenical Temple
  4490 | D:3      | Became a worshipper of Vehumet
  4567 | D:5      | Reached XP level 7. HP: 36/36 MP: 11/19
  4628 | D:5      | Learned a level 5 spell: Iskenderun's Battlesphere
  4661 | D:5      | Reached skill level 1 in Charms
  4730 | D:5      | HP: 1/36 [orc priest/nerve-wracking pain (13)]
  5202 | D:6      | Reached skill level 8 in Spellcasting
  5316 | D:6      | Noticed Eustachio
  5346 | D:6      | Killed Eustachio
  5346 | D:6      | Reached XP level 8. HP: 41/41 MP: 0/22
  5731 | D:6      | Noticed Prince Ribbit
  5736 | D:6      | Killed Prince Ribbit
  5736 | D:6      | Reached skill level 9 in Spellcasting
  5736 | D:6      | Reached skill level 5 in Charms
  5738 | D:6      | Reached * piety under Vehumet
  5738 | D:6      | Offered knowledge of Sandblast by Vehumet.
  5920 | D:6      | Noticed Liam's ghost (novice DECj)
  5924 | D:6      | Killed Liam's ghost
  6107 | D:6      | Found a burning altar of Makhleb.
  6317 | D:7      | Reached skill level 10 in Spellcasting
  6345 | D:7      | Reached XP level 9. HP: 45/45 MP: 2/25
  6730 | D:7      | Reached skill level 10 in Conjurations
  6843 | D:7      | Noticed Dowan
  6845 | D:7      | Noticed Duvessa
  6846 | D:7      | Killed Dowan
  6846 | D:7      | Reached skill level 11 in Spellcasting
  6851 | D:7      | Killed Duvessa
  7055 | D:7      | Reached ** piety under Vehumet
  7103 | D:7      | Offered knowledge of Throw Flame by Vehumet.
  7600 | D:8      | Found a staircase to the Lair.
  7716 | D:8      | Reached skill level 12 in Spellcasting
  8621 | D:8      | Learned a level 5 spell: Fireball
  8758 | D:9      | Reached XP level 10. HP: 44/50 MP: 18/28
  8796 | D:9      | Reached skill level 1 in Fire Magic
  8942 | D:9      | Found a shattered altar of Ashenzari.
  8969 | D:9      | Offered knowledge of Stone Arrow by Vehumet.
  9190 | D:9      | Reached *** piety under Vehumet
  9401 | D:10     | Entered Level 10 of the Dungeon
  9401 | D:10     | Noticed Amnesiac's ghost (novice OpTm)
  9406 | D:10     | Killed Amnesiac's ghost
  9406 | D:10     | Reached skill level 13 in Spellcasting
  9755 | D:10     | Killed an unseen horror
  9799 | D:10     | Killed an unseen horror
  9799 | D:10     | Reached skill level 5 in Fire Magic
 10110 | D:10     | Killed an unseen horror
 10212 | D:10     | Noticed Sonja
 10215 | D:10     | Killed Sonja
 10215 | D:10     | Reached XP level 11. HP: 54/54 MP: 23/30
 10234 | D:10     | Noticed a tengu warrior
 10238 | D:10     | Killed a tengu warrior
 10238 | D:10     | Reached skill level 14 in Spellcasting
 10377 | D:10     | Offered knowledge of Mephitic Cloud by Vehumet.
 10405 | D:10     | Learned a level 6 spell: Invisibility
 10589 | D:10     | Reached skill level 1 in Hexes
 10853 | D:10     | Killed an unseen horror
 11204 | D:11     | Reached **** piety under Vehumet
 11325 | D:11     | Offered knowledge of Airstrike by Vehumet.
 11565 | D:11     | Reached skill level 1 in Fighting
 12257 | D:11     | Upgraded the game from 0.18-a0-1466-g2490093 to 0.18-a0-1468-gaf180a1
 12328 | D:11     | Noticed a hill giant
 12332 | D:11     | Killed a hill giant
 12380 | D:11     | Got a faintly glowing spear
 12382 | D:11     | Identified the +6 spear "Siofajex" {venom, MR+ Stlth+} (You found it on level 11 of the Dungeon)
 12504 | D:11     | Reached skill level 5 in Hexes
 12664 | D:11     | Reached ***** piety under Vehumet
 12664 | D:11     | Reached XP level 12. HP: 49/64 MP: 4/32
 12922 | D:11     | Offered knowledge of Freezing Cloud by Vehumet.
 13419 | D:11     | Noticed an ice dragon
 13702 | D:12     | Found a staircase to the Orcish Mines.
 13800 | D:12     | Noticed Fannar
 13805 | D:12     | Killed Fannar
 13870 | D:12     | Reached skill level 15 in Spellcasting
 14194 | D:12     | Found a deep blue altar of Sif Muna.
 14803 | D:13     | Gained mutation: Your flesh is heat resistant. [mutagenic glow]
 15511 | D:13     | Found a gate to the Vaults.
 15512 | D:13     | Noticed a vault guard
 15512 | D:13     | Noticed a vault guard
 15517 | D:13     | Killed a vault guard
 15517 | D:13     | Reached skill level 5 in Fighting
 15517 | D:13     | Reached XP level 13. HP: 72/72 MP: 30/34
 15519 | D:13     | Killed a vault guard
 15747 | D:14     | Found a white marble altar of Elyvilon.
 16172 | D:14     | Reached skill level 16 in Spellcasting
 16226 | D:14     | Found a sacrificial altar of Ru.
 16351 | D:14     | Offered knowledge of Bolt of Cold by Vehumet.
 16874 | Lair:1   | Entered Level 1 of the Lair of Beasts
 17079 | Lair:1   | Noticed Nergalle
 17082 | Lair:1   | Killed Nergalle
 17082 | Lair:1   | Reached skill level 10 in Fire Magic
 18188 | Lair:2   | Reached skill level 10 in Hexes
 19026 | Lair:3   | Found a staircase to the Shoals.
 20324 | Lair:4   | Reached XP level 14. HP: 80/80 MP: 24/36
 20478 | Lair:4   | Offered knowledge of Bolt of Fire by Vehumet.
 21922 | Lair:5   | Reached ****** piety under Vehumet
 22895 | Lair:6   | Reached skill level 15 in Conjurations
 22967 | Lair:6   | Found a staircase to the Snake Pit.
 22981 | Lair:6   | Slain by a black mamba

Vault maps used:
D:1:      dpeg_arrival_brainrot, minivault_4, interstate_on_off
D:2:      tso_altar, grunt_temple_overflow_open
D:3:      lemuel_round_altar, nicolae_overflow_hidden_temple, first_bread,
          uniq_jessica
D:5:      minmay_temple_entry_junction
D:6:      basic_altar, uniq_prince_ribbit1, uniq_eustachio
D:7:      uniq_duvessa
D:8:      lair_0_dummy
D:9:      basic_altar, david_nohive_1
D:10:     roderic_serpentine_path, solitary_fountain,
          wad_floor_pattern_untrapped, grunt_ministairs_5, uniq_sonja
D:11:     lemuel_castle_with_subvaults
D:12:     orc_0_dummy, hangedman_decor_growths, lemuel_blue_sif_altar,
          uniq_fannar
D:13:     grunt_vaults_entry_tiered, minivault_22
D:14:     hangedman_ru_absence, elyvilon_altar_1
Temple:   nicolae_temple_god_jail
Lair:1:   serial_bayou_shore_b, serial_bayou_shore_a, grunt_megastairs_1,
          uniq_nergalle
Lair:2:   lemuel_fruit_fields
Lair:3:   minmay_shoals_entry_hut, infiniplex_staircase_pool_2,
          grunt_megastairs_3
Lair:4:   kennysheep_basilisk_garden
Lair:5:   lemuel_fruit_tree, grunt_megastairs_5
Lair:6:   minmay_snake_entry_six_corridors, beast_lair_carwin_11

Skill      XL: |  1  2  3  4  5  6  7  8  9 10 11 12 13 14 |
---------------+-------------------------------------------+-----
Spellcasting   | 4 5 6 7 8 10 12 13 14 15 16 | 16.8
Conjurations   | 5 6 7 8 9 11 12 13 14 15 | 15.0
Charms         | 4 7 |  7.0
Fire Magic     | 5 7 9 10 11 | 11.2
Hexes          | 5 8 10 11 | 11.1
Fighting       | 2 5 6 7 |  7.0
Dodging        | |  2.4
Stealth        | |  2.4

Action                   |  1- 3 |  4- 6 |  7- 9 | 10-12 | 13-15 || total
-------------------------+-------+-------+-------+-------+-------++-------
Melee: Unarmed           |       |    16 |       |       |       ||    16
       Dagger            |       |       |       |     2 |     3 ||     5
 Cast: Magic Dart        |    69 |   139 |   189 |   368 |   327 ||  1092
       Iskenderun's Myst |       |    12 |    19 |    83 |    71 ||   185
       Iskenderun's Batt |       |       |    34 |    90 |    96 ||   220
       Fireball          |       |       |       |    14 |    14 ||    28
       Invisibility      |       |       |       |     2 |     4 ||     6
Evoke: Wand              |       |       |       |     1 |       ||     1
  Use: Scroll            |       |     9 |     1 |     4 |     1 ||    15
       Potion            |       |       |       |    10 |     1 ||    11
  Eat: Chunk             |       |     9 |     4 |    24 |    21 ||    58
       Meat ration       |       |     1 |     2 |       |       ||     3
       Beef jerky        |       |       |     1 |       |     1 ||     2
       Fruit             |       |       |       |     5 |       ||     5
